 Dungeon Crawl Stone Soup version 0.29-a0-472-ge5599a681e (webtiles) character file.

Game seed: 1526655260533242943

515 Zonian the Chiller (level 7, -5/70 (76) HPs)
             Began as a Gnoll Ice Elementalist on May 22, 2022.
             Slain by a wight
             ... wielding a +0 war axe
              (14 damage)
             ... on level 4 of the Dungeon.
             The game lasted 00:10:11 (7419 turns).

Zonian the Chiller (Gnoll Ice Elementalist)         Turns: 7419, Time: 00:10:12

HP:   -5/70 (76)    AC:  2    Str:  7    XL:     7   Next: 20%
MP:   11/15         EV: 13    Int: 17    God:
Gold: 197           SH:  0    Dex: 12    Spells: 10/17 levels left

rFire   . . .      SeeInvis .   h - +0 dagger
rCold   . . .      Faith    .   (no shield)
rNeg    . . .      Spirit   .   a - +0 robe
rPois   .          Reflect  .   (no helmet)
rElec   .          Harm     .   (no cloak)
rCorr   .          Rampage  .   (no gloves)
Will    .....                   (no boots)
Stlth   ..........              (no amulet)
HPRegen 0.21/turn               (no ring)
MPRegen 0.14/turn               (no ring)

@: berserking, freezing walls, drained, very quick
A: fangs 1, strong nose, distributed training
a: no special abilities


You were on level 4 of the Dungeon.
You visited 1 branch of the dungeon, and saw 4 of its levels.

You collected 239 gold pieces.
You spent 42 gold pieces at shops.

Inventory:

Hand Weapons
 h - a +0 dagger (weapon)
 i - a +0 falchion
Armour
 a - a +0 robe (worn)
Magical Staves
 j - a staff of conjuration
Jewellery
 e - a ring of willpower
 n - a ring of ice
Wands
 c - a wand of mindburst (5)
Scrolls
 d - a scroll of fog {unknown}
 k - a scroll of teleportation
 o - a scroll of immolation {unknown}
Potions
 b - 2 potions of magic
 g - 2 potions of might
 l - a potion of resistance
 m - 3 potions of brilliance
 p - a potion of haste {unknown}
 q - a potion of attraction {unknown}
 r - a potion of heal wounds
 s - 2 potions of lignification


   Skills:
 + Level 2.3 Fighting
 + Level 2.3 Short Blades
 + Level 2.3 Long Blades
 + Level 2.3 Axes
 + Level 2.3 Maces & Flails
 + Level 2.3 Polearms
 + Level 2.3 Staves
 + Level 2.3 Slings
 + Level 2.3 Bows
 + Level 2.3 Crossbows
 + Level 2.3 Throwing
 + Level 2.3 Armour
 + Level 5.1 Dodging
 + Level 4.8 Stealth
 + Level 2.3 Shields
 + Level 2.3 Unarmed Combat
 + Level 5.5 Spellcasting
 + Level 1.9 Conjurations
 + Level 1.9 Hexes
 + Level 1.9 Summonings
 + Level 1.9 Necromancy
 + Level 1.9 Translocations
 + Level 1.9 Transmutations
 + Level 1.9 Fire Magic
 + Level 7.4 Ice Magic
 + Level 1.9 Air Magic
 + Level 1.9 Earth Magic
 + Level 1.9 Poison Magic
 + Level 2.5 Invocations
 + Level 2.3 Evocations


You had 10 spell levels left.
You knew the following spells:

 Your Spells              Type           Power      Damage    Failure   Level
a - Freeze                Ice            100%       1d11      1%          1
b - Frozen Ramparts       Ice            58%        1d7       1%          3
c - Ozocubu's Armour      Ice            29%        N/A       1%          3

Your spell library contained the following spells:

 Spells                   Type           Power      Damage    Failure   Level
 Hailstorm                Conj/Ice       20%        3d6       21%         4


Dungeon Overview and Level Annotations

Branches:
Dungeon (4/15)
 Temple: D:4-7

Altars:
Kikubaaqudgha
Okawaru
Qazlal

Shops:
D:2 ((*


Innate Abilities, Weirdness & Mutations

You have very sharp teeth.
Your uncanny sense of smell can sniff out nearby items.
Your experience applies equally to all skills.


Message History

Casting: Frozen Ramparts (safe; 1% risk of failure)
Press: ? - help, Dir - look around, f - activate The walls around you are covered in ice.
The wight resists.
The wall freezes the wight.
The wight hits you with a +0 war axe!
You feel drained.
Unknown command.
You closely miss the wight.
The wight is lightly damaged.
The wight completely resists.
The wall freezes the wight but does no damage.
The wight hits you with a +0 war axe.
You hit the wight.
The wight is lightly damaged.
The wight completely resists.
The wall freezes the wight but does no damage.
The wight barely misses you.
You barely miss the wight. Your bite misses the wight.
The wight is lightly damaged.
The wight completely resists.
The wall freezes the wight but does no damage.
The wight hits you with a +0 war axe!
You feel drained.
You hit the wight but do no damage. You bite the wight, but do no damage.
The wight is lightly damaged.
The wight completely resists.
The wall freezes the wight but does no damage.
The wight barely misses you.
Unknown command.
Casting: Frozen Ramparts (safe; 1% risk of failure)
Confirm with . or Enter, or press ? or * to list all spells.
Aiming: Freeze (safe; 1% risk of failure)
Press: ? - help, Shift-Dir - straight line, f - wight
Aim: a wight, wielding a +0 war axe and wearing a +0 robe (lightly damaged)
You freeze the wight but do no damage.
The wight completely resists. x2
The wall freezes the wight but does no damage.
The wight hits you with a +0 war axe!
* * * LOW HITPOINT WARNING * * *
A red film seems to cover your vision as you go berserk!
You feel yourself moving faster!
You feel mighty!
The wight resists.
The wall freezes the wight.
The wight hits you with a +0 war axe!
You die...

#....#...#.......
....##########.......
z..............#####
...z..........#.... ∆
.z...........#....
............#....
...........#...#
#####.......####...#
#..@z.....).#.......
#...#.......#.......
+..)#.......#.......
#...#.......#.....>#
#...#.......#......#
#...#.......#......#
#...#.......##))...#
#...##.......#.)...#
#.......#......


You could see a wight.

Vanquished Creatures
  A black bear (D:4)
  A centaur (D:4)
  A scorpion (D:3)
  Ijyb (D:3)
  3 orc wizards
  2 adders
  4 gnolls (D:2)
  A worm (D:3)
  5 dart slugs
  8 orcs
  5 bats
  7 endoplasms
  2 giant cockroaches
  8 goblins
  7 hobgoblins
  18 jackals
  10 kobolds
  4 quokkas
  7 ball pythons
  7 frilled lizards
  7 rats
109 creatures vanquished.

Vanquished Creatures (others)
  A plant (D:2)
1 creature vanquished.

Grand Total: 110 creatures vanquished

Notes
Turn   | Place    | Note
-------+----------+-------------------------------------------
     0 | D:1      | Zonian the Gnoll Ice Elementalist began the quest for the
                  | Orb.
     0 | D:1      | Reached XP level 1. HP: 13/13 MP: 6/6
   158 | D:1      | Reached XP level 2. HP: 19/19 MP: 3/7
  1060 | D:1      | Reached XP level 3. HP: 21/25 MP: 6/9
  1264 | D:1      | Reached skill level 5 in Spellcasting
  1273 | D:1      | Learned a level 3 spell: Frozen Ramparts
  1767 | D:2      | Reached skill level 1 in Invocations
  1828 | D:1      | Reached skill level 1 in Fighting
  1828 | D:1      | Reached skill level 1 in Short Blades
  1828 | D:1      | Reached skill level 1 in Long Blades
  1828 | D:1      | Reached skill level 1 in Axes
  1828 | D:1      | Reached skill level 1 in Maces & Flails
  1828 | D:1      | Reached skill level 1 in Polearms
  1828 | D:1      | Reached skill level 1 in Staves
  1828 | D:1      | Reached skill level 1 in Slings
  1828 | D:1      | Reached skill level 1 in Bows
  1828 | D:1      | Reached skill level 1 in Crossbows
  1828 | D:1      | Reached skill level 1 in Throwing
  1828 | D:1      | Reached skill level 1 in Armour
  1828 | D:1      | Reached skill level 1 in Shields
  1828 | D:1      | Reached skill level 1 in Unarmed Combat
  1828 | D:1      | Reached skill level 1 in Evocations
  2711 | D:2      | Found Lykhlusei's Antique Weapon Shop.
  2905 | D:2      | Reached XP level 4. HP: 32/32 MP: 11/11
  3090 | D:2      | Found a stormy altar of Qazlal.
  3131 | D:2      | Found Wooxevve's General Store.
  3140 | D:2      | Bought a potion of curing for 42 gold pieces
  3176 | D:2      | Found Quddut's Antique Weapon Emporium.
  3197 | D:2      | Found a faded altar of an unknown god.
  3510 | D:2      | Reached skill level 1 in Conjurations
  3510 | D:2      | Reached skill level 1 in Hexes
  3510 | D:2      | Reached skill level 1 in Summonings
  3510 | D:2      | Reached skill level 1 in Necromancy
  3510 | D:2      | Reached skill level 1 in Translocations
  3510 | D:2      | Reached skill level 1 in Transmutations
  3510 | D:2      | Reached skill level 1 in Fire Magic
  3510 | D:2      | Reached skill level 1 in Air Magic
  3510 | D:2      | Reached skill level 1 in Earth Magic
  3510 | D:2      | Reached skill level 1 in Poison Magic
  3662 | D:2      | Reached XP level 5. HP: 4/37 MP: 7/12
  4948 | D:3      | Learned a level 3 spell: Ozocubu's Armour
  4982 | D:3      | Noticed Ijyb
  4992 | D:3      | Killed Ijyb
  5457 | D:3      | Reached XP level 6. HP: 36/44 MP: 11/13
  5834 | D:3      | Found an iron altar of Okawaru.
  6287 | D:4      | Noticed a black bear
  6329 | D:4      | Killed a black bear
  6330 | D:4      | Reached skill level 5 in Dodging
  6753 | D:4      | Found an ancient bone altar of Kikubaaqudgha.
  6765 | D:4      | Reached XP level 7. HP: 21/50 MP: 10/15
  7419 | D:4      | Slain by a wight

Illustrated notes

Levels and vault maps discovered:
D:1:      grunt_arrival_lava_bath, layout_basic
D:2:      minmay_diamond_boxcup, layout_loops_ring, basic_altar, serial_shops,
          shop, shop, nicolae_lakefront_shop, shapermc_ecumenical_altar_ellora,
          minmay_vboxes
D:3:      layout_basic, okawaru_ov_weapons_minmay, uniq_ijyb
D:4:      layout_gridville, lemuel_tele_altar, kennysheep_mini, uniq_duvessa

Skill      XL: |  1  2  3  4  5  6 |
---------------+-------------------+-----
Spellcasting   | 5 |  5.5
Invocations    | 1 2 |  2.5
Fighting       | 1 2 |  2.3
Short Blades   | 1 2 |  2.3
Long Blades    | 1 2 |  2.3
Axes           | 1 2 |  2.3
Maces & Flails | 1 2 |  2.3
Polearms       | 1 2 |  2.3
Staves         | 1 2 |  2.3
Slings         | 1 2 |  2.3
Bows           | 1 2 |  2.3
Crossbows      | 1 2 |  2.3
Throwing       | 1 2 |  2.3
Armour         | 1 2 |  2.3
Shields        | 1 2 |  2.3
Unarmed Combat | 1 2 |  2.3
Evocations     | 1 2 |  2.3
Conjurations   | 1 |  1.9
Hexes          | 1 |  1.9
Summonings     | 1 |  1.9
Necromancy     | 1 |  1.9
Translocations | 1 |  1.9
Transmutations | 1 |  1.9
Fire Magic     | 1 |  1.9
Air Magic      | 1 |  1.9
Earth Magic    | 1 |  1.9
Poison Magic   | 1 |  1.9
Dodging        | 5 |  5.1
Stealth        | |  4.8
Ice Magic      | |  7.4

Action                   |  1- 3 |  4- 6 |  7- 9 || total
-------------------------+-------+-------+-------++-------
Melee: Unarmed           |     4 |       |       ||     4
       Dagger            |    19 |    58 |    17 ||    94
       Bite              |     3 |     1 |     4 ||     8
 Cast: Freeze            |    37 |    69 |     3 ||   109
       Frozen Ramparts   |       |     2 |     4 ||     6
       Ozocubu's Armour  |       |     1 |       ||     1
  Use: Potion            |       |     4 |     1 ||     5
       Scroll            |       |    10 |       ||    10
 Stab: Sleeping          |     6 |     9 |       ||    15
Armor: Robe              |     8 |    17 |     2 ||    27
Dodge: Dodged            |    40 |    71 |    14 ||   125

Table legend: (Time is in decaauts)
 A = Elapsed time spent in this place.
 B = Non-inter-level travel time spent in this place.
 C = Inter-level travel time spent in this place.
 D = Time resting spent in this place.
 E = Time spent auto-exploring this place.
 F = Levels seen in this place.
 G = Mean time per level.
                   A        B        C        D        E       F      G
               +--------+--------+--------+--------+--------+-----+--------+
         Total |   7412 |   7283 |    129 |   3424 |   2819 |   4 | 1853.0 |
       Dungeon |   7412 |   7283 |    129 |   3424 |   2819 |   4 | 1853.0 |
               +--------+--------+--------+--------+--------+-----+--------+

Top non-repeatable levels by time:
     D:1: 2759 daAuts
     D:3: 1773 daAuts
     D:2: 1722 daAuts
     D:4: 1157 daAuts
